 Dungeon Crawl Stone Soup version 0.24.0-125-gc4c63601f3 (webtiles) character file.

Game seed: 16374882525051358527, levelgen mode: deterministic

11244 ReteAZ the Fighter (level 11, 0/93 HPs)
             Began as a Merfolk Gladiator on Mar 19, 2020.
             Was a High Priest of Qazlal.
             Killed from afar by Josephine (24 damage)
             ... with a ghostly fireball
             ... on level 12 of the Dungeon.
             The game lasted 00:23:40 (12348 turns).

ReteAZ the Fighter (Merfolk Gladiator)             Turns: 12348, Time: 00:23:40

Health: 0/93       AC: 10    Str: 21    XL:     11   Next: 74%
Magic:  15/15      EV: 31    Int: 13    God:    Qazlal [*****.]
Gold:   626        SH: 18    Dex: 18    Spells: 10/10 levels left

rFire    . . .     SeeInvis .   W - +3 scimitar (flame)
rCold    . . .     Gourm    .   j - +0 shield
rNeg     . . .     Faith    .   Z - +0 troll leather armour
rPois    .         Spirit   .   c - +0 helmet
rElec    .         Reflect  .   F - +1 cloak {+Inv}
rCorr    .         Harm     .   Y - +2 pair of gloves
MR       .....                  (no boots)
Stlth    +.........             y - amulet of the acrobat
HPRegen  0.65/turn              C - +5 ring of intelligence
MPRegen  0.14/turn              V - +6 ring of strength

@: acrobat, heavily drained, repel missiles
A: change form in water, swift swim, stealthy swim
a: Upheaval, Elemental Force, Disaster Area, Renounce Religion, Evoke
Invisibility


You were on level 12 of the Dungeon.
You worshipped Qazlal.
Qazlal was extremely pleased with you.
You were very hungry.

You visited 2 branches of the dungeon, and saw 12 of its levels.
You also visited: Ossuary.

You collected 626 gold pieces.

Inventory:

Hand Weapons
 a - a +0 trident
 v - a +4 hand axe of venom
 Q - a +2 whip of electrocution
 W - a +3 scimitar of flaming (weapon)
Missiles
 D - 10 boomerangs (quivered)
 E - 38 poisoned darts
Armour
 b - a +0 leather armour
 c - a +0 helmet (worn)
 j - a +0 shield (worn)
 F - a +1 cloak of invisibility (worn)
 H - a +2 scale mail of cold resistance
 P - a +2 robe of resistance
 Y - a +2 pair of gloves (worn)
 Z - a +0 troll leather armour (worn)
Jewellery
 s - an uncursed amulet of rage
 y - an amulet of the acrobat (around neck)
 C - a +5 ring of intelligence (left hand)
 V - a +6 ring of strength (right hand)
Wands
 M - a wand of paralysis (4)
 N - a wand of polymorph (9)
 O - a wand of disintegration (9)
 R - a wand of scattershot (6)
 T - a wand of acid (12)
Scrolls
 e - 5 scrolls of remove curse
 g - 2 scrolls of enchant armour {unknown}
 h - 6 scrolls of identify
 m - 5 scrolls of blinking
 q - 2 scrolls of noise
 r - 3 scrolls of magic mapping
 u - 2 scrolls of teleportation
 w - 4 scrolls of enchant weapon {unknown}
 G - a scroll of immolation {unknown}
 I - a scroll of silence {unknown}
 J - a scroll of fog {unknown}
 K - a scroll of summoning {unknown}
 L - a scroll of random uselessness {unknown}
 S - a scroll of fear {unknown}
 U - 2 scrolls of amnesia {unknown}
Potions
 d - 6 potions of curing
 i - 4 potions of agility {unknown}
 k - a potion of experience {unknown}
 l - 3 potions of haste
 n - 3 potions of degeneration {unknown}
 o - a potion of invisibility {unknown}
 p - 2 potions of resistance {unknown}
 t - 2 potions of heal wounds
 x - 2 potions of berserk rage {unknown}
 z - a potion of brilliance {unknown}
 A - 3 potions of flight {unknown}
 B - 3 potions of lignification {unknown}
Comestibles
 f - 16 rations
 X - 8 chunks of flesh


   Skills:
 + Level 11.4(9.3) Fighting
 - Level 7.0(5.2) Polearms
 - Level 2.0(0.4) Throwing
 + Level 4.5(2.8) Armour
 + Level 9.5(7.6) Dodging
 - Level 10.0(8.0) Shields
 - Level 6.0(4.2) Invocations


You had 10 spell levels left.
You didn't know any spells.
Your spell library contained the following spells:

 Spells                   Type           Power        Failure   Level  Hunger
 Corona                   Hex            #......      65%         1    ##.....
 Magic Dart               Conj           #...         65%         1    ##.....
 Blink                    Tloc           N/A          80%         2    ###....
 Call Imp                 Summ           #.......     80%         2    ###....
 Ensorcelled Hibernation  Hex/Ice        #.....       80%         2    ###....
 Slow                     Hex            #.......     80%         2    ###....
 Confuse                  Hex            #.......     95%         3    ####...
 Conjure Flame            Conj/Fire      #.......     95%         3    ####...
 Dazzling Spray           Conj/Hex       #.....       95%         3    ####...
 Mephitic Cloud           Conj/Pois/Air  #.......     95%         3    ####...
 Tukima's Dance           Hex            #.......     95%         3    ####...


Dungeon Overview and Level Annotations

Branches:
Dungeon (10/15)            Temple (1/1) D:4            Lair (0/6) D:10
Ossuary (visited)
    Orc: D:9-12

Altars:
Ashenzari
Cheibriados
Dithmenos
Elyvilon
Fedhas
Gozag
Hepliaklqana
Kikubaaqudgha
Makhleb
Nemelex Xobeh
Okawaru
Qazlal
Ru
Sif Muna
Trog
Uskayaw
Vehumet
Wu Jian
Xom
Yredelemnul
Zin
The Shining One

Annotations:
D:12 Josephine


Message History

The meliai simulacrum hits you. The meliai simulacrum freezes you!
The meliai simulacrum hits you but does no damage.
The crimson imp grinds its teeth.
You block the meliai simulacrum's attack. x2
The crimson imp blinks!
You slash the meliai simulacrum!
You melt the meliai simulacrum!
The meliai simulacrum vapourises!
Qazlal accepts your kill.
Josephine points at you and mumbles some strange words.
The ghostly flame explodes!
The ghostly fireball engulfs you!!
You feel drained.
* * * LOW HITPOINT WARNING * * *
Josephine grinds her teeth.
Josephine barely misses you. You block the ice beast's attack.
Things that are here:
a yak corpse x2
Josephine points at you and mumbles some strange words.
The ghostly flame explodes!
The ghostly fireball engulfs you!!
You feel drained.
You die...

,,,,,,,,,* ,,,,,*****
,,,,,* ≈≈,,,*********
≈≈≈≈,*,,,,,,,*
≈≈≈,,,,*****,*
≈≈≈,,,,,,,**,*
≈≈≈,,***...#.#########
≈,,≈,***.....5@†@....#
,,,,,,,,....#.Y#####.#
,,,,,,**#,,#.#W,* #.#
,,**,>,,,,#.∩.#,* #.#
,,,,,,,,,..*.#,,* #.#
,,**,,*,##,.#,,** #.#
..##..#,**#.,,** #.#
s.....#,**#,*,* #.#
......#,,,,,,,* #.#


You could see Josephine, an ice beast and a crimson imp.

Vanquished Creatures
  A hydra (D:12)
  Erica (D:9)
  A two-headed ogre (D:10)
  An ugly thing (D:12)
  A centaur skeleton (D:12)
  A kobold demonologist (D:8)
  A troll (D:12)
  A hippogriff (D:12)
  14 yaks
  A wyvern (D:12)
  3 water moccasins
  A meliai simulacrum (D:12)
  3 orc warriors
  A black bear (D:9)
  3 ice beasts
  A sky beast (D:10)
  3 phantoms
  7 ogres
  9 big kobolds
  2 crocodiles
  An elf zombie (Ossuary)
  6 bullfrogs
  3 scorpions
  4 wights (D:8)
  8 howler monkeys
  5 crimson imps
  2 bullfrog zombies
  3 centaur zombies (Ossuary)
  7 hounds
  3 human zombies (Ossuary)
  3 jellies
  9 orc priests
  8 orc wizards
  Crazy Yiuf (D:6)
  2 iguanas (D:7)
  10 worker ants
  A big kobold zombie (Ossuary)
  A bullfrog simulacrum (D:12)
  2 mummies (Ossuary)
  A howler monkey zombie (D:7)
  11 adders
  2 shadow imps (D:8)
  A white imp (D:12)
  4 adder zombies
  3 adder skeletons
  5 worms
  A dart slug (D:2)
  2 leopard geckos
  35 orcs
  5 giant cockroaches
  5 goblins
  7 hobgoblins
  A jackal (D:1)
  45 kobolds
  4 quokkas
  2 ball pythons
  9 bats
  7 frilled lizards
  2 goblin zombies (Ossuary)
  12 hobgoblin zombies (Ossuary)
  A jackal zombie (Ossuary)
  14 kobold skeletons (D:8)
  10 kobold zombies
  2 leopard gecko skeletons
  2 leopard gecko zombies
  7 orc zombies (Ossuary)
  7 rats
342 creatures vanquished.

Vanquished Creatures (others)
  An orc (D:8)
1 creature vanquished.

Grand Total: 343 creatures vanquished

Notes
Turn   | Place    | Note
-------+----------+-------------------------------------------
     0 | D:1      | ReteAZ the Merfolk Gladiator began the quest for the Orb.
     0 | D:1      | Reached XP level 1. HP: 16/16 MP: 1/1
   296 | D:1      | Reached XP level 2. HP: 18/23 MP: 2/2
   443 | D:1      | Reached skill level 5 in Polearms
   984 | D:2      | Reached XP level 3. HP: 17/28 MP: 3/3
  1547 | D:2      | Found a blossoming altar of Fedhas.
  1569 | D:2      | Reached skill level 1 in Shields
  1569 | D:2      | Reached XP level 4. HP: 32/34 MP: 4/4
  1994 | D:2      | Found a snail-covered altar of Cheibriados.
  2574 | D:3      | Reached skill level 3 in Fighting
  2685 | D:3      | Reached XP level 5. HP: 20/41 MP: 5/5
  3037 | D:3      | Reached skill level 5 in Dodging
  3411 | D:4      | Reached XP level 6. HP: 45/47 MP: 6/6
  3445 | D:4      | Found a sand-covered staircase.
  3452 | Ossuary  | Entered an ossuary
  3535 | Ossuary  | Reached skill level 4 in Fighting
  3950 | Ossuary  | Reached XP level 7. HP: 34/55 MP: 7/7
  4157 | Ossuary  | Reached skill level 5 in Fighting
  4842 | D:4      | Found a staircase to the Ecumenical Temple.
  4849 | Temple   | Entered the Ecumenical Temple
  4960 | Temple   | Became a worshipper of Qazlal Stormbringer
  5767 | D:4      | Reached skill level 6 in Fighting
  5779 | D:4      | Reached skill level 5 in Shields
  5779 | D:4      | Reached XP level 8. HP: 46/64 MP: 8/8
  5990 | D:5      | Entered Level 5 of the Dungeon
  6746 | D:5      | Reached skill level 7 in Fighting
  7116 | D:5      | Found a shattered altar of Ashenzari.
  7183 | D:5      | Found a hazy altar of Hepliaklqana.
  7269 | D:6      | Reached skill level 1 in Invocations
  7320 | D:6      | Found a runed translucent door.
  7321 | D:6      | Noticed Crazy Yiuf
  7397 | D:6      | Killed Crazy Yiuf
  7397 | D:6      | Reached * piety under Qazlal
  8011 | D:7      | Reached XP level 9. HP: 43/74 MP: 9/11
  8208 | D:7      | Reached skill level 8 in Fighting
  8295 | D:7      | Reached ** piety under Qazlal
  8766 | D:7      | Found a white marble altar of Elyvilon.
  9212 | D:8      | Reached skill level 5 in Invocations
  9286 | D:8      | Reached skill level 9 in Fighting
  9656 | D:8      | Found a shimmering blue altar of Sif Muna.
  9726 | D:8      | Noticed a kobold demonologist
  9732 | D:8      | Noticed an orange demon
  9734 | D:8      | Noticed an ice devil
  9734 | D:8      | Killed a kobold demonologist
  9734 | D:8      | Reached XP level 10. HP: 83/83 MP: 14/14
  9763 | D:8      | Reached skill level 1 in Armour
  9768 | D:8      | Reached *** piety under Qazlal
 10037 | D:8      | Found an opulent altar of Gozag.
 10050 | D:8      | Found an ancient bone altar of Kikubaaqudgha.
 10050 | D:8      | Found a glowing golden altar of the Shining One.
 10050 | D:8      | Found a shimmering altar of Xom.
 10214 | D:8      | Found an ancient bone altar of Kikubaaqudgha.
 10363 | D:9      | Reached **** piety under Qazlal
 10367 | D:9      | Reached skill level 10 in Fighting
 10534 | D:9      | Noticed Erica
 10559 | D:9      | Killed Erica
 11004 | D:9      | Found a burning altar of Makhleb.
 11258 | D:9      | Found an ornate altar of the Wu Jian Council.
 11258 | D:9      | Found a basalt altar of Yredelemnul.
 11478 | D:10     | Entered Level 10 of the Dungeon
 11497 | D:10     | Reached XP level 11. HP: 67/92 MP: 15/15
 11714 | D:10     | Noticed a two-headed ogre
 11726 | D:10     | Killed a two-headed ogre
 11792 | D:10     | Reached ***** piety under Qazlal
 11916 | D:10     | Found a staircase to the Lair.
 12108 | D:10     | You fall into a shaft and drop 2 floors!
 12112 | D:12     | Noticed a five-headed hydra
 12124 | D:12     | Killed a one-headed hydra
 12124 | D:12     | Reached skill level 11 in Fighting
 12139 | D:12     | Reached skill level 10 in Shields
 12199 | D:12     | Noticed a white ugly thing
 12219 | D:12     | Killed a white ugly thing
 12330 | D:12     | Noticed Josephine
 12348 | D:12     | Killed from afar by Josephine

Levels and vault maps discovered:
D:1:      minmay_arrival_semitransparent, layout_loops_ring,
          grunt_decor_arrowhead
D:2:      layout_loops_ring, old_standard_altar, fedhas_altar_1
D:3:      layout_basic, serial_undead, serial_undead_a, serial_undead_f,
          serial_undead_e, serial_undead_a, first_ration
D:4:      layout_basic, minmay_temple_entry_mini_moons,
          chequers_ossuary_entry_cave
D:5:      layout_cave_pools, kennysheep_mini_moat, kennysheep_mini
D:6:      layout_cave_pools, uniq_crazy_yiuf_cottage
D:7:      layout_basic, elyvilon_altar_4, serial_curves, eino_curves_03,
          eino_curves_03, eino_curves_01
D:8:      wander_kiku_kobolds, layout_rooms,
          gammafunk_temple_overflow_forgotten, lemuel_blue_sif_altar,
          lemuel_doored_altar, kennysheep_generic_room_13
D:9:      layout_loops_ring, bloody_makhleb, gammafunk_temple_overflow_elements,
          uniq_erica
D:10:     layout_stronghold, lair_entry_dummy, hangedman_ranch
          [blue_anna_fruit_fields]
D:12:     layout_basic, serial_ice, serial_ice_h, serial_ice_e, serial_ice_f,
          serial_ice_a, portal_ice_cave_entry_pillars_2,
          chequers_serial_rivers_micro_d, uniq_snorg, uniq_nergalle,
          uniq_josephine
Temple:   compressed_dpeg_triangle_lava_temple

Skill      XL: |  1  2  3  4  5  6  7  8  9 10 11 |
---------------+----------------------------------+-----
Polearms       | 5 6 7 |  7.0
Shields        | 1 2 3 5 6 8 9 10 | 10.0
Fighting       | 3 4 6 7 9 10 11 | 11.4
Dodging        | 5 7 9 |  9.5
Invocations    | 3 6 |  6.0
Armour         | 3 4 |  4.5
Throwing       | |  2.0

Action                   |  1- 3 |  4- 6 |  7- 9 | 10-12 || total
-------------------------+-------+-------+-------+-------++-------
Melee: Trident           |   118 |   128 |       |       ||   246
       Hand axe          |       |   141 |   427 |    71 ||   639
       Whip              |       |       |       |   181 ||   181
       Scimitar          |       |       |       |   165 ||   165
Throw: Throwing net      |     1 |     2 |       |       ||     3
       Dart              |       |     6 |    13 |     6 ||    25
       Boomerang         |       |       |       |     3 ||     3
 Abil: Evoke Invisibilit |       |       |     1 |       ||     1
Evoke: Wand              |       |       |       |     1 ||     1
  Use: Scroll            |       |       |     8 |     1 ||     9
       Potion            |       |       |     3 |     1 ||     4
 Stab: Sleeping          |     3 |     3 |       |       ||     6
       Held in net/web   |       |     1 |       |       ||     1
  Eat: Chunk             |     2 |     7 |    17 |     5 ||    31
       Ration            |       |       |     1 |     1 ||     2
Armor: Leather armour    |    14 |    38 |    22 |       ||    74
       Scale mail        |       |       |    13 |   119 ||   132
       Troll leather arm |       |       |       |     3 ||     3
Dodge: Dodged            |    70 |   150 |   178 |   122 ||   520
       Deflected         |       |       |       |     4 ||     4
Block: Shield            |       |       |   188 |   354 ||   542
       Rpst.: Scimitar   |       |       |       |    16 ||    16
